 Dungeon Crawl Stone Soup version 0.29.1-12-g30fa7ad0bf (webtiles) character file.

Game seed: 14895705576218322281

95 xzight the Grasshopper (level 4, -5/38 HPs)
             Began as a Gnoll Warper on Dec 28, 2022.
             Killed by nerve-wracking pain
             ... invoked by Grinder
              (13 damage)
             ... on level 3 of the Dungeon.
             The game lasted 00:02:06 (2715 turns).

xzight the Grasshopper (Gnoll Warper)               Turns: 2715, Time: 00:02:07

Health: -5/38      AC:  3    Str: 10    XL:     4   Next: 66%
Magic:  11/11      EV: 12    Int: 15    God:
Gold:   73         SH:  0    Dex: 11    Spells: 13/13 levels left

rFire   . . .      SeeInvis .   a - +0 mace
rCold   . . .      Faith    .   (no shield)
rNeg    . . .      Spirit   .   b - +0 leather armour
rPois   .          Reflect  .   (no helmet)
rElec   .          Harm     .   (no cloak)
rCorr   .          Rampage  .   (no gloves)
Will    .....                   (no boots)
Stlth   +.........              (no amulet)
HPRegen 0.12/turn               (no ring)
MPRegen 0.12/turn               (no ring)

@: no status effects
A: fangs 1, strong nose, distributed training
a: no special abilities


You were on level 3 of the Dungeon.
You visited 1 branch of the dungeon, and saw 3 of its levels.

You collected 185 gold pieces.
You spent 112 gold pieces at shops.


Innate Abilities, Weirdness & Mutations

You have very sharp teeth.
Your uncanny sense of smell can sniff out nearby items.
Your experience applies equally to all skills.


   Skills:
 + Level 4.7 Fighting
 + Level 1.2 Short Blades
 + Level 1.2 Long Blades
 + Level 1.2 Axes
 + Level 4.7 Maces & Flails
 + Level 1.2 Polearms
 + Level 1.2 Staves
 + Level 1.2 Ranged Weapons
 + Level 2.8 Throwing
 + Level 2.8 Armour
 + Level 4.7 Dodging
 + Level 1.2 Stealth
 + Level 1.2 Shields
 + Level 1.2 Unarmed Combat
 + Level 5.1 Spellcasting
 + Level 1.0 Conjurations
 + Level 1.0 Hexes
 + Level 1.0 Summonings
 + Level 1.0 Necromancy
 + Level 5.5 Translocations
 + Level 1.0 Transmutations
 + Level 1.0 Fire Magic
 + Level 1.0 Ice Magic
 + Level 1.0 Air Magic
 + Level 1.0 Earth Magic
 + Level 1.0 Poison Magic
 + Level 1.4 Invocations
 + Level 1.2 Evocations


You had 13 spell levels left.
You didn't know any spells.
Your spell library contained the following spells:

 Spells                   Type           Power      Damage    Failure   Level
 Blink                    Tloc           40%        N/A       3%          2
 Gell's Gravitas          Tloc           20%        N/A       7%          3
 Lesser Beckoning         Tloc           20%        N/A       7%          3
 Teleport Other           Tloc           20%        N/A       7%          3
 Manifold Assault         Tloc           20%        N/A       52%         5

Inventory:

Hand Weapons
 a - a +0 mace (weapon)
Missiles
 d - 7 boomerangs of dispersal (quivered) {=f}
Armour
 b - a +0 leather armour (worn)
 n - a +0 helmet
Wands
 q - a wand of iceblast (8)
Scrolls
 c - a scroll of blinking
 e - a scroll of butterflies {unknown}
 g - a scroll of noise {unknown}
 h - 2 scrolls of vulnerability {unknown}
 i - a scroll of fear {unknown}
 l - 2 scrolls of enchant armour {unknown}
 m - a scroll of poison {unknown}
 p - a scroll of enchant weapon {unknown}
Potions
 f - 2 potions of curing {@q1}
 j - a potion of magic {unknown}
 k - a potion of flight {unknown}
 o - a potion of heal wounds {@q2}

Dungeon Overview and Level Annotations

Branches:
Dungeon (3/15)

Altars:
Okawaru

Shops:
D:2 !

Annotations:
D:3 Grinder

.. ##### ..
###.... .. )#..#
#. ...# ###.
...### #..
##)..### ##5#
####...########.@#
###..)....##.##
#######.#..#
#.#.## #...# #!.##
#...# #.#....
..###.#.#


You could see Grinder.


Message History

You hit Grinder.
Grinder is lightly wounded.
Grinder misses you.
You barely miss Grinder. You bite Grinder, but do no damage.
Grinder is lightly wounded.
Grinder hits you!
You writhe in agony.
You hit Grinder but do no damage.
Grinder is lightly wounded.
Grinder hits you.
You writhe in agony.
You closely miss Grinder.
Grinder is lightly wounded.
Grinder closely misses you.
You closely miss Grinder.
Grinder is lightly wounded.
Grinder gestures at you. Pain shoots through your body!
* * * LOW HITPOINT WARNING * * *
You sock Grinder!
Grinder is moderately wounded.
Grinder hits you.
* * * LOW HITPOINT WARNING * * *
You writhe in agony.
* * * LOW HITPOINT WARNING * * *
Grinder gestures at you. You resist with significant effort.
You closely miss Grinder.
Grinder is moderately wounded.
Grinder gestures at you. Pain shoots through your body!
You die...

Skill      XL: |  1  2  3  4 |
---------------+-------------+-----
Spellcasting   | 5 |  5.1
Invocations    | 1 |  1.4
Short Blades   | 1 |  1.2
Long Blades    | 1 |  1.2
Axes           | 1 |  1.2
Polearms       | 1 |  1.2
Staves         | 1 |  1.2
Ranged Weapons | 1 |  1.2
Stealth        | 1 |  1.2
Shields        | 1 |  1.2
Unarmed Combat | 1 |  1.2
Evocations     | 1 |  1.2
Conjurations   | 1 |  1.0
Hexes          | 1 |  1.0
Summonings     | 1 |  1.0
Necromancy     | 1 |  1.0
Transmutations | 1 |  1.0
Fire Magic     | 1 |  1.0
Ice Magic      | 1 |  1.0
Air Magic      | 1 |  1.0
Earth Magic    | 1 |  1.0
Poison Magic   | 1 |  1.0
Fighting       | |  4.7
Maces & Flails | |  4.7
Throwing       | |  2.8
Armour         | |  2.8
Dodging        | |  4.7
Translocations | |  5.5

Action                   |  1- 3 |  4- 6 || total
-------------------------+-------+-------++-------
Melee: Mace              |   114 |    53 ||   167
       Bite              |    14 |     5 ||    19
       Punch             |     1 |       ||     1
 Stab: Sleeping          |       |     1 ||     1
Armor: Leather armour    |    26 |    14 ||    40
Dodge: Dodged            |    80 |    31 ||   111

Levels and vault maps discovered:
D:1:      dpeg_arrival_pits, layout_loops_ring, nicolae_figureground_pulse
D:2:      minmay_wonky_spiral, layout_loops_ring, basic_altar, serial_shops,
          shop, uniq_robin
D:3:      layout_rooms, amcnicky_altar_gilded,
          mainiacjoe_overflow_surrounded_room, xom_teletrap_fun,
          shapermc_ecumenical_altar_hornbeckon, uniq_jessica, uniq_grinder

Notes
Turn   | Place    | Note
-------+----------+-------------------------------------------
     0 | D:1      | xzight the Gnoll Warper began the quest for the Orb.
     0 | D:1      | Reached XP level 1. HP: 20/20 MP: 6/6
   334 | D:1      | Reached XP level 2. HP: 26/26 MP: 7/7
  1033 | D:2      | Found an iron altar of Okawaru.
  1101 | D:2      | Reached skill level 5 in Spellcasting
  1101 | D:2      | Reached XP level 3. HP: 22/31 MP: 7/9
  1199 | D:2      | Noticed Robin
  1229 | D:1      | Reached skill level 1 in Invocations
  1648 | D:2      | Reached skill level 1 in Short Blades
  1648 | D:2      | Reached skill level 1 in Long Blades
  1648 | D:2      | Reached skill level 1 in Axes
  1648 | D:2      | Reached skill level 1 in Polearms
  1648 | D:2      | Reached skill level 1 in Staves
  1648 | D:2      | Reached skill level 1 in Ranged Weapons
  1648 | D:2      | Reached skill level 1 in Stealth
  1648 | D:2      | Reached skill level 1 in Shields
  1648 | D:2      | Reached skill level 1 in Unarmed Combat
  1648 | D:2      | Reached skill level 1 in Evocations
  1933 | D:2      | Killed Robin
  1934 | D:2      | Reached XP level 4. HP: 18/38 MP: 11/11
  2180 | D:2      | Found Xuapast's Distillery.
  2192 | D:2      | Bought a potion of heal wounds for 70 gold pieces
  2192 | D:2      | Bought a potion of curing for 42 gold pieces
  2328 | D:2      | Reached skill level 1 in Conjurations
  2328 | D:2      | Reached skill level 1 in Hexes
  2328 | D:2      | Reached skill level 1 in Summonings
  2328 | D:2      | Reached skill level 1 in Necromancy
  2328 | D:2      | Reached skill level 1 in Transmutations
  2328 | D:2      | Reached skill level 1 in Fire Magic
  2328 | D:2      | Reached skill level 1 in Ice Magic
  2328 | D:2      | Reached skill level 1 in Air Magic
  2328 | D:2      | Reached skill level 1 in Earth Magic
  2328 | D:2      | Reached skill level 1 in Poison Magic
  2700 | D:3      | Noticed Grinder
  2715 | D:3      | Killed from afar by Grinder

Vanquished Creatures
  Robin (D:2)
  4 adders
  A dart slug (D:2)
  2 endoplasms
  8 hobgoblins
  2 jackals (D:1)
  8 kobolds
  2 quokkas (D:1)
  6 ball pythons
  A bat (D:2)
  2 frilled lizards
  8 goblins
  A rat (D:2)
46 creatures vanquished.

Vanquished Creatures (others)
  4 fungi (D:3)
  3 plants (D:3)
7 creatures vanquished.

Grand Total: 53 creatures vanquished

Table legend: (Time is in decaauts)
 A = Elapsed time spent in this place.
 B = Non-inter-level travel time spent in this place.
 C = Inter-level travel time spent in this place.
 D = Time resting spent in this place.
 E = Time spent auto-exploring this place.
 F = Levels seen in this place.
 G = Mean time per level.
                   A        B        C        D        E       F      G
               +--------+--------+--------+--------+--------+-----+--------+
         Total |   2743 |   2676 |     67 |    546 |   1786 |   3 |  914.3 |
       Dungeon |   2743 |   2676 |     67 |    546 |   1786 |   3 |  914.3 |
               +--------+--------+--------+--------+--------+-----+--------+

Top non-repeatable levels by time:
     D:1: 1306 daAuts
     D:2: 1093 daAuts
     D:3: 343 daAuts

Table legend:
 A = Non-vault XP
 B = Vault XP
 C = Vault XP percentage of total XP
 D = Non-vault monster count
 E = Vault monster count
 F = Vault count percentage of total count
                 A         B        C        D         E       F
            +---------+---------+-------+---------+---------+-------
      Total |      90 |      47 |  34.3 |      30 |      16 |  34.8
            +---------+---------+-------+---------+---------+-------
        D:1 |      28 |       2 |   6.7 |      17 |       1 |   5.6
        D:2 |      46 |      45 |  49.5 |       9 |      15 |  62.5
        D:3 |      16 |       0 |   0.0 |       4 |       0 |   0.0
            +---------+---------+-------+---------+---------+-------
